[Event "*** Titled Tuesday 3|2 Blitz"]
[Site "Chess.com"]
[Date "2016.01.05"]
[Round "8"]
[White "Moltini"]
[Black "ftorodent"]
[Result "0-1"]
[WhiteElo "2188"]
[BlackElo "2282"]
[TimeControl "180+2"]
[EndTime "12:36:09 PST"]
[Termination "ftorodent won by resignation"]

1. d4 f5 2. g3 Nf6 3. Bg2 g6 4. Nf3 Bg7 5. c4 O-O 6. O-O d6 7.
d5 a5 8. Nd4 Na6 9. Nc3 Nc5 10.
b3 Bd7 11. Bb2 Qe8 12. Re1 c6 13. Rc1 Rc8 14. Ba3 Nce4 15. Nxe4 Nxe4 16. f3 Nf6 17. e4 fxe4 18. fxe4 Ng4 19. h3 Nf2 20. Qd2 Nxh3+ 21. Kh2 Rf2 22. Qe3 Rxa2 23. Ne6 Bxe6 24. dxe6 Rxa3 25. Bxh3 a4 26. Rb1 axb3 27. Rxb3 Rxb3 28.
Qxb3 Rb8 29. Rf1 Bf6 30. Rb1 b5 31. cxb5 Rxb5 32. Qc2 Rxb1 33. Qxb1 Qa8 34. Qb6 Kg7 35. Bg2 Be5 36. Qc7 Qf8 37. Qb6 c5 38. Qb3 Qf6 39. Qe3 c4 40. Kh1 c3 41. Qe2 Bxg3 0-1

[Event "*** Titled Tuesday 3|2 Blitz"]
[Site "Chess.com"]
[Date "2016.01.05"]
[Round "8"]
[White "the_drake"]
[Black "aspired"]
[Result "0-1"]
[WhiteElo "2023"]
[BlackElo "2347"]
[TimeControl "180+2"]
[EndTime "12:36:30 PST"]
[Termination "aspired won by resignation"]

1. e4 e5 2. Nf3 Nc6 3. Bc4 Bc5 4. b4 Bxb4 5. c3 Be7 6. d4 Na5 7. Nxe5 Nxc4 8. Nxc4 d5 9. exd5 Qxd5 10. Ne3 Qa5 11. O-O Nf6 12. Re1 Be6 13. c4 c6 14. d5 cxd5 15. cxd5 Nxd5 16. Nxd5 Qxd5 17. Qa4+ b5 18. Qc2 Bf6 19. Nc3 Qc6 20. Bb2 Rc8 21. a3 Bxc3 22. Rec1 Bxb2 23. Qxc6+ Rxc6 24. Rxc6 0-1

[Event "*** Titled Tuesday 3|2 Blitz"]
[Site "Chess.com"]
[Date "2016.01.05"]
[Round "8"]
[White "amaidel"]
[Black "Cats4Sale"]
[Result "1-0"]
[WhiteElo "2375"]
[BlackElo "2261"]
[TimeControl "180+2"]
[EndTime "12:36:47 PST"]
[Termination "amaidel won on time"]

1. e4 e5 2. Nf3 Nc6 3. Nc3 Nf6 4. g3 Bc5 5. Bg2 d6 6. h3 Be6 7. O-O Qd7 8. Ng5 Nd4 9. d3 h6 10. Nxe6 fxe6 11. Ne2 O-O 12. Nxd4 Bxd4 13. c3 Bb6 14. Qe2 Rf7 15. Be3 Raf8 16. d4 exd4 17. cxd4 d5 18. e5 Ne4 19. Qc2 Qb5 20. b3 c6 21. Bxe4 dxe4 22.
Qxe4 Rd8 23. Rfe1 Qb4 24. Red1 Rfd7 25. Qg4 Qe7 26. Bxh6 Bxd4 27. Bg5 Qf7 28. Bxd8 Qxf2+ 29. Kh1 Rxd8 30. Qxe6+ Kh8 31. Qg4 Rd5 32. Rf1 Qe2 33. Qxe2 1-0

[Event "*** Titled Tuesday 3|2 Blitz"]
[Site "Chess.com"]
[Date "2016.01.05"]
[Round "8"]
[White "BellJackson95"]
[Black "BjarkeSahl"]
[Result "1-0"]
[WhiteElo "2277"]
[BlackElo "2113"]
[TimeControl "180+2"]
[EndTime "12:36:49 PST"]
[Termination "BellJackson95 won by resignation"]

1. e4 e5 2. f4 Nc6 3. Nf3 f5 4. exf5 Qe7 5. fxe5 Nxe5 6. Nxe5 Qxe5+ 7. Qe2 Qxe2+ 8.
Bxe2 d5 9. O-O Nf6 10. d4 Bd7 11.
Nc3 O-O-O 12. Bf4 c6 13. Be5 Be7 14. Rae1 Rdf8 15. Bd3 Rhg8 16. a3 Ng4 17. h3 Nxe5 18.
dxe5 Bc5+ 19. Kh1 Kc7 20. e6 Bc8 21. b4 Be7 22. Ne2 a5 23. c3 axb4 24. axb4 Kd6 25. Nd4 b6 26. Ra1 c5 27. bxc5+ bxc5 28. Nb5+ Ke5 29.
f6 1-0

[Event "*** Titled Tuesday 3|2 Blitz"]
[Site "Chess.com"]
[Date "2016.01.05"]
[Round "8"]
[White "MapleDanish"]
[Black "ER404"]
[Result "1-0"]
[WhiteElo "2080"]
[BlackElo "2114"]
[TimeControl "180+2"]
[EndTime "12:36:52 PST"]
[Termination "MapleDanish won by resignation"]

1. c4 c5 2. g3 g6 3. Bg2 Bg7 4.
Nc3 e5 5. Nf3 Ne7 6. a3 Nbc6 7.
O-O d6 8. b4 cxb4 9. axb4 Nxb4 10. Ba3 Nec6 11. Qa4 Na6 12. Nxe5 Bxe5 13. Bxc6+ bxc6 14. Qxc6+ Bd7 15. Qxa6 O-O 16. Bxd6 Bxc3 17. dxc3 Re8 18.
Rfd1 Rxe2 19. Bf4 Qe7 20. Qb7 Re8 21. Rxd7 Re1+ 22. Rxe1 Qxe1+ 23. Kg2 Re2 24. Be3 Rxe3 25. Rxf7 Re8 26. Rg7+ 1-0

[Event "*** Titled Tuesday 3|2 Blitz"]
[Site "Chess.com"]
[Date "2016.01.05"]
[Round "8"]
[White "DeviatkinAndrey"]
[Black "RitchieBlackmore"]
[Result "0-1"]
[WhiteElo "2478"]
[BlackElo "2438"]
[TimeControl "180+2"]
[EndTime "12:37:25 PST"]
[Termination "RitchieBlackmore won by resignation"]

1. d4 g6 2. e4 Bg7 3. Nc3 d6 4. g3 Nf6 5. Bg2 O-O 6. Nge2 e5 7. h3 exd4 8. Nxd4 Bd7 9. O-O Nc6 10. Be3 Re8 11. Nde2 h5 12. Qd2 h4 13. g4 Ne5 14.
b3 Bxg4 15. hxg4 h3 16. f3 hxg2 17. Kxg2 Qd7 18. Ng3 b5 19. Rad1 b4 20. Nce2 a5 21. Nf4 Nxf3 22. Rxf3 Qxg4 23. Rdf1 Nxe4 24. Qd3 Ng5 25.
R3f2 Re5 26. Rh1 Rae8 27. Bd4 Re4 28. Bxg7 Re3 29. Rh8+ Kxg7 30. Qd4+ R8e5 31. Nh5+ gxh5 32. Qxg4 hxg4 33. Nf5+ Kxh8 34. Nxe3 Rxe3 35. Rf5 Re5 36. Rf4 Kg7 37. Rxg4 Kg6 38. Rc4 c5 0-1

[Event "*** Titled Tuesday 3|2 Blitz"]
[Site "Chess.com"]
[Date "2016.01.05"]
[Round "8"]
[White "StellarChessPro"]
[Black "KNVB"]
[Result "1-0"]
[WhiteElo "2224"]
[BlackElo "2374"]
[TimeControl "180+2"]
[EndTime "12:37:30 PST"]
[Termination "StellarChessPro won on time"]

1. d4 Nf6 2. Bg5 e6 3. e4 h6 4. Bxf6 Qxf6 5. c3 Qd8 6. Bd3 d6 7. Ne2 c5 8. O-O Nc6 9. Kh1 cxd4 10. cxd4 Qb6 11. Nd2 Nxd4 12. Nc4 Qc5 13. b4 Qxb4 14. Nxd4 Bd7 15. Rb1 Qc5 16. Nb3 Qc7 17. Rc1 Qb8 18. f4 Be7 19. f5 O-O 20. Qh5 Bg5 21. Rce1 b5 22. Ne3 a5 23. h4 Bf6 24. Ng4 Qd8 25.
fxe6 fxe6 26. e5 Be8 27. Bg6 Bxe5 28. Rxf8+ Kxf8 29. Rf1+ Kg8 30. Nxe5 dxe5 31. Bxe8 Qxe8 32. Qxe5 a4 33. Nd4 b4 34. Nxe6 Qe7 35. Qd5 Qxh4+ 36. Kg1 Rc8 37. Qd7 1-0

[Event "*** Titled Tuesday 3|2 Blitz"]
[Site "Chess.com"]
[Date "2016.01.05"]
[Round "8"]
[White "Iball95"]
[Black "motivated_bishop"]
[Result "1-0"]
[WhiteElo "2400"]
[BlackElo "2277"]
[TimeControl "180+2"]
[EndTime "12:37:33 PST"]
[Termination "Iball95 won by resignation"]

1. Nf3 g6 2. g3 Bg7 3. Bg2 Nf6 4. O-O O-O 5. c4 d6 6. Nc3 Nc6 7. d4 a6 8. b3 Rb8 9. Nd5 e6 10. Ne3 e5 11. Bb2 e4 12. Nd2 d5 13. Nxd5 Nxd5 14.
cxd5 Nxd4 15. Nxe4 Nf3+ 16. Bxf3 Bxb2 17. Rb1 Bg7 18. Rc1 Bh3 19. Re1 Qe7 20. Nc5 Rfd8 21.
e4 c6 22. Qd3 cxd5 23. exd5 Qf8 24. Bg2 Bxg2 25. Kxg2 Qd6 26. Red1 a5 27. a4 b6 28. Ne4 Qe5 29. Rc6 f5 30. Ng5 Rd7 31. Qc4 h6 32. Rc8+ Rxc8 33. Qxc8+ 1-0

[Event "*** Titled Tuesday 3|2 Blitz"]
[Site "Chess.com"]
[Date "2016.01.05"]
[Round "8"]
[White "tac49"]
[Black "Gergo85"]
[Result "0-1"]
[WhiteElo "2446"]
[BlackElo "2374"]
[TimeControl "180+2"]
[EndTime "12:37:49 PST"]
[Termination "Gergo85 won by resignation"]

1. e4 c6 2. d4 d5 3. Nd2 dxe4 4. Nxe4 Nf6 5. Nxf6+ gxf6 6. c3 Nd7 7. g3 Nb6 8.
Bg2 Bf5 9. Ne2 Qd7 10. a4 e5 11. O-O a5 12. dxe5 Qxd1 13. Rxd1 fxe5 14. Bg5 Bg7 15. b3 O-O 16. Rd2 Be6 17. c4 Nd7 18. Nc3 e4 19. Rc1 Nc5 20. Be7 Nxb3 21. Bxf8 Rxf8 22. Rdc2 Nxc1 23. Rxc1 f5 24. g4 Bh6 25. Rc2 e3 26. gxf5 exf2+ 27. Kxf2 Bxf5 28. Rb2 Bg7 0-1

[Event "*** Titled Tuesday 3|2 Blitz"]
[Site "Chess.com"]
[Date "2016.01.05"]
[Round "8"]
[White "oskariot"]
[Black "AsafGivon"]
[Result "0-1"]
[WhiteElo "2322"]
[BlackElo "2286"]
[TimeControl "180+2"]
[EndTime "12:37:51 PST"]
[Termination "AsafGivon won by resignation"]

1. e4 c5 2. Nf3 e6 3. d4 cxd4 4. Nxd4 Nc6 5. Nc3 Qc7 6. Be2 Nf6 7. O-O Be7 8. Be3 O-O 9. f4 d6 10. Kh1 Nxd4 11. Bxd4 e5 12. Be3 b6 13. Bd3 Bb7 14. Qe1 Ng4 15. Bd2 exf4 16. Bxf4 Ne5 17. Qg3 a6 18. a4 Rae8 19. Rae1 Ng6 20. Bd2 Bh4 21. Qh3 Bxe1 22. Rxe1 Re5 23. Rf1 Qe7 24. Be3 d5 25. Bd4 dxe4 26. Bc4 e3 27. Bxe5 Qxe5 28.
Qd7 Qe7 29. Qxe7 Nxe7 30. Rf3 Bxf3 31. gxf3 Nf5 32. Bxa6 Nd4 33. Kg2 Nxc2 34. Nd5 Rd8 35. Bc4 e2 0-1

[Event "*** Titled Tuesday 3|2 Blitz"]
[Site "Chess.com"]
[Date "2016.01.05"]
[Round "8"]
[White "stepanosinovsky"]
[Black "Colombiano07"]
[Result "1-0"]
[WhiteElo "2256"]
[BlackElo "2167"]
[TimeControl "180+2"]
[EndTime "12:37:56 PST"]
[Termination "stepanosinovsky won by resignation"]

1. e4 c5 2. Nf3 Nc6 3. Nc3 d6 4. d4 cxd4 5. Nxd4 Nf6 6. Be3 e5 7. Nb3 h6 8. Qd2 Be6 9. O-O-O Be7 10. f4 Ng4 11. g3 Nxe3 12. Qxe3 O-O 13. Kb1 a5 14. f5 Bxb3 15. cxb3 Nd4 16. Bc4 Rc8 17. g4 Rc5 18. Qd3 Bh4 19. Ne2 b5 20. Bd5 Nxe2 21.
Qxe2 Qc7 22. Rc1 Rc8 23. Rxc5 Qxc5 24. a3 Kf8 25. Qd2 b4 26. a4 Bg5 27. Qd3 Qf2 28.
h4 Bxh4 29. Bc4 Ke7 30. Qd5 Rf8 31. Qxa5 Bg5 32. Qc7+ 1-0

[Event "*** Titled Tuesday 3|2 Blitz"]
[Site "Chess.com"]
[Date "2016.01.05"]
[Round "8"]
[White "ChessSkool"]
[Black "nijat_a"]
[Result "0-1"]
[WhiteElo "2319"]
[BlackElo "2693"]
[TimeControl "180+2"]
[EndTime "12:38:13 PST"]
[Termination "nijat_a won by resignation"]

1. Nf3 c5 2. b3 Nc6 3. Bb2 d5 4. e3 Nf6 5. Bb5 Bd7 6. O-O g6 7. c4 dxc4 8. bxc4 Bg7 9. Bxc6 Bxc6 10. Ne5 Qb6 11. Qb3 Ng4 12. f4 O-O 13. Bc3 Nxe5 14. Bxe5 Bxe5 15. fxe5 Qc7 16. Qb2 Be4 17. Na3 Qb6 18.
Qc3 Rad8 19. Rf4 Rd3 20. Qc1 Bf5 21. g4 Be6 22. Rb1 Qa5 23. Rb3 Rfd8 24. Rf2 Bxg4 25. Rxd3 Rxd3 26. Nb5 a6 27. Nc3 Be6 28. Ne4 Qb4 29.
Qf1 Qxc4 30. Nxc5 Ra3 31. Qxc4 Bxc4 32. Nxb7 Rxa2 33. Nc5 a5 34. d3 Ra1+ 35. Kg2 Be6 36. Kf3 a4 37. Ke4 Bf5+ 38. Kd4 a3 39. e4 Bg4 40.
Nb3 Rb1 41. Kc3 Be6 42. Nd4 a2 43. Nxe6 a1=Q+ 0-1

[Event "*** Titled Tuesday 3|2 Blitz"]
[Site "Chess.com"]
[Date "2016.01.05"]
[Round "8"]
[White "stefanodinn"]
[Black "Haridaskesavan"]
[Result "0-1"]
[WhiteElo "2148"]
[BlackElo "2104"]
[TimeControl "180+2"]
[EndTime "12:38:37 PST"]
[Termination "Haridaskesavan won by resignation"]

1. e4 e5 2. Nf3 Nc6 3. Bc4 Nf6 4. d3 Bc5 5. c3 Qe7 6. Bb3 d6 7. O-O Bg4 8. h3 Bd7 9. Re1 h6 10. Nbd2 O-O-O 11. Bc2 g5 12. b4 Bb6 13. a4 a5 14.
Nc4 g4 15. Nxb6+ cxb6 16. hxg4 Bxg4 17. Be3 Nh5 18. Bxb6 Rdg8 19. Re3 Nf4 20. g3 h5 21. Qd2 h4 22. Nh2 Qg5 23. bxa5 hxg3 24. fxg3 Nh5 25. Qf2 Be6 26. Kg2 Nf4+ 27. Kh1 Nh5 28. Rg1 Rh7 29. Rg2 Bh3 30. Rg1 Rgh8 31. Bd1 Bd7 32.
Rg2 Nf6 33. Kg1 Bh3 34. Nf3 Qg7 35. Nh2 Bxg2 0-1

[Event "*** Titled Tuesday 3|2 Blitz"]
[Site "Chess.com"]
[Date "2016.01.05"]
[Round "8"]
[White "MinhGTrAn"]
[Black "AvitalBor"]
[Result "0-1"]
[WhiteElo "2565"]
[BlackElo "2361"]
[TimeControl "180+2"]
[EndTime "12:38:38 PST"]
[Termination "AvitalBor won on time"]

1. d4 Nf6 2. Bg5 d5 3. Bxf6 gxf6 4. e3 c5 5. Nf3 Nc6 6. c4 cxd4 7. Nxd4 Nxd4 8.
Qxd4 Be6 9. Nc3 dxc4 10. Qe4 Qc7 11. Rd1 Bg7 12. Be2 f5 13. Qh4 O-O 14. O-O Rad8 15.
Bf3 Bf6 16. Qh6 Rxd1 17. Rxd1 Rd8 18. Rxd8+ Qxd8 19. g4 fxg4 20. Be4 Bg7 21. Qxh7+ Kf8 22. Bxb7 Qd2 23. Qb1 Be5 24. Be4 Bc8 25. Qc2 Qe1+ 26. Kg2 e6 27. Qa4 Bxh2 28. Kxh2 Qxf2+ 29. Kh1 g3 30. Qb4+ Kg7 0-1

[Event "*** Titled Tuesday 3|2 Blitz"]
[Site "Chess.com"]
[Date "2016.01.05"]
[Round "8"]
[White "Rating-Schmating"]
[Black "oggy1984"]
[Result "1-0"]
[WhiteElo "2137"]
[BlackElo "2156"]
[TimeControl "180+2"]
[EndTime "12:38:43 PST"]
[Termination "Rating-Schmating won by resignation"]

1. e4 c6 2. d4 d5 3. exd5 cxd5 4. Bd3 Nf6 5. Ne2 Nc6 6. Bg5 Bg4 7. f3 Bh5 8. O-O e6 9. c3 Bd6 10. Qc2 Qc7 11. g3 Bg6 12. Bf4 e5 13. dxe5 Nxe5 14. Bxg6 hxg6 15. Nd2 O-O-O 16. Nd4 Nc4 17. Bxd6 Qxd6 18.
Nxc4 dxc4 19. Rad1 Nd5 20. Rfe1 Rh5 21. Qa4 Qc5 22.
Qb5 Qxb5 23. Nxb5 a6 24. Nd4 Rdh8 25. Rd2 Kc7 26. Nc2 Kc6 27. Re4 b5 28. Red4 a5 29. a4 Nc7 30. Rd6+ Kc5 31. Rd7 Nd5 32. axb5 Rf5 33. f4 g5 34. Nd4 Rf6 35. fxg5 Rg6 36. Nf5 Nb6 37. Rxf7 Kxb5 38. h4 Re6 39. Nd4+ 1-0

[Event "*** Titled Tuesday 3|2 Blitz"]
[Site "Chess.com"]
[Date "2016.01.05"]
[Round "8"]
[White "APL2001"]
[Black "BIG_Pirate"]
[Result "1/2-1/2"]
[WhiteElo "2022"]
[BlackElo "2205"]
[TimeControl "180+2"]
[EndTime "12:38:44 PST"]
[Termination "Game drawn by agreement"]

1. e4 d5 2. exd5 Qxd5 3. Nc3 Qa5 4. d4 Nf6 5. Nf3 Bg4 6. Bc4 Nc6 7. Be3 O-O-O 8. h3 Bxf3 9. Qxf3 Nxd4 10. Bxd4 Rxd4 11.
Bxf7 Re4+ 12. Kf1 Rd4 13. Be6+ Kb8 14. Rd1 Qa6+ 15. Qe2 Rxd1+ 16. Nxd1 Qd6 17. g3 g6 18. Kg2 Bh6 19. Nc3 Qc6+ 20. f3 Rd8 21. Rd1 Rd6 22.
Bb3 Qd7 23. Rxd6 cxd6 24. Qe6 Qxe6 25. Bxe6 Bg7 26. f4 Ne8 27. Nd5 Bxb2 28. Nxe7 Kc7 29. Bg8 Kd8 30. Nd5 h6 31. h4 Nf6 32. Nxf6 Bxf6 33.
Bf7 g5 34. fxg5 hxg5 35. h5 Ke7 36. Bd5 b6 37. Kf3 Be5 38. Kg4 Kf6 39. Be4 Kg7 40.
Kxg5 Bxg3 41. h6+ Kh8 42. h7 a5 43. Kf5 Bf2 44. Ke6 Bc5 45. c4 Kg7 1/2-1/2

[Event "*** Titled Tuesday 3|2 Blitz"]
[Site "Chess.com"]
[Date "2016.01.05"]
[Round "8"]
[White "LyonBeast"]
[Black "Fandorine"]
[Result "1-0"]
[WhiteElo "2779"]
[BlackElo "2542"]
[TimeControl "180+2"]
[EndTime "12:38:57 PST"]
[Termination "LyonBeast won by resignation"]

1. e4 c6 2. d4 d5 3. e5 c5 4. Nf3 Nc6 5. dxc5 Bg4 6. Bb5 Qa5+ 7. Nc3 e6 8. Be3 Ne7 9. a3 O-O-O 10. b4 Bxf3 11. gxf3 Qc7 12. Bxc6 Nxc6 13. Bd4 Kb8 14. Nb5 Qd7 15. Nd6 f6 16. f4 g5 17. b5 Nxd4 18. Qxd4 gxf4 19. c6 fxe5 20. cxd7 exd4 21. Nf7 Bg7 22. Rg1 Bf6 23. Ke2 Kc7 24. Nxh8 Rxh8 25.
Rab1 Kxd7 26. Rb3 Rc8 27. Kd2 Kd6 28. Rh3 Rc7 29. Rh6 Rf7 30. Kd3 e5 31. f3 Ke6 32. Rg8 Kf5 33. Rh5+ Ke6 34. Re8+ Kd6 35. Rf5 b6 36. Rexe5 Rc7 37. Re8 Bg7 38. Rd8+ Ke6 39. Rfxd5 Rc3+ 40. Ke4 Re3+ 41. Kxf4 Bf6 42. R8d6+ Ke7 43.
Rd7+ Ke8 44. Rxa7 h6 45. Kf5 Be7 46. Re5 Rxf3+ 47. Kg6 Rf6+ 48. Kh5 Rf7 49. Kxh6 Kf8 50. Raxe7 Rxe7 51. Rxe7 Kxe7 52. Kg5 d3 53. cxd3 1-0

[Event "*** Titled Tuesday 3|2 Blitz"]
[Site "Chess.com"]
[Date "2016.01.05"]
[Round "8"]
[White "Vorenus_Lucius"]
[Black "chessdude"]
[Result "1-0"]
[WhiteElo "2480"]
[BlackElo "2308"]
[TimeControl "180+2"]
[EndTime "12:39:07 PST"]
[Termination "Vorenus_Lucius won by resignation"]

1. d4 Nf6 2. c4 g6 3. Nc3 Bg7 4. e4 d6 5. Nf3 O-O 6. Be2 e5 7. Be3 Na6 8. O-O c6 9. d5 Ng4 10. Bg5 f6 11. Bh4 c5 12. Nd2 h5 13. h3 Nh6 14. f3 Nf7 15. a3 Bh6 16. Bf2 f5 17. b4 cxb4 18. axb4 Nxb4 19. c5 a5 20. Nc4 fxe4 21. Nxe4 dxc5 22. Bxc5 Bf5 23. Nb6 Na6 24.
Bf2 Rb8 25. Ng3 Nd6 26. Rxa5 h4 27. Nxf5 Nxf5 28. Qd3 Qg5 29. Nd7 Nb4 30. Qe4 Ne3 31. f4 Qxf4 32. Qxg6+ Bg7 33. Nxf8 Nxf1 34. Qxg7+ Kxg7 35. Ne6+ Kf6 36. Nxf4 exf4 37. Kxf1 b6 38. Rb5 Nc2 39.
Rxb6+ 1-0

[Event "*** Titled Tuesday 3|2 Blitz"]
[Site "Chess.com"]
[Date "2016.01.05"]
[Round "8"]
[White "Gabrielian_Artur"]
[Black "Danirod"]
[Result "1-0"]
[WhiteElo "2479"]
[BlackElo "2388"]
[TimeControl "180+2"]
[EndTime "12:39:33 PST"]
[Termination "Gabrielian_Artur won by resignation"]

1. e4 c5 2. Nf3 g6 3. c3 Bg7 4. d4 cxd4 5. cxd4 d5 6. e5 a6 7. Nc3 Nc6 8. h3 f6 9. exf6 Nxf6 10. Bd3 O-O 11. O-O Nh5 12. Be3 Nf4 13. Bxf4 Rxf4 14. Ne2 Rxf3 15. gxf3 Bxh3 16. Re1 Qd6 17. Qd2 Rf8 18. Qe3 Qf6 19. f4 Bg4 20. f3 Bh3 21. Rac1 Bd7 22. Rc5 Nxd4 23. Rxd5 Nxe2+ 24. Rxe2 Bc6 25. Re5 Qd6 26. Bc4+ Kh8 27. Rd2 Qb4 28. Rc5 Bb5 29.
a3 Qa4 30. Bxb5 axb5 31. b4 Qa7 32. Kg2 Bf6 33. Rd3 Qb8 34. Rcd5 Qc7 35. Rxb5 Qc2+ 36. Qd2 Qb1 37. Rbd5 Kg7 38. f5 gxf5 39. Rxf5 Qa1 40. Rf4 Kh8 41. Rg4 Qe5 42. Rd8 Bg7 43. Rxf8+ Bxf8 44. Qd4 Qxd4 45. Rxd4 Kg7 46. Rd5 Kf7 47. Rb5 1-0

[Event "*** Titled Tuesday 3|2 Blitz"]
[Site "Chess.com"]
[Date "2016.01.05"]
[Round "8"]
[White "volodja49"]
[Black "AdrianaNikolova"]
[Result "1-0"]
[WhiteElo "2301"]
[BlackElo "2179"]
[TimeControl "180+2"]
[EndTime "12:39:41 PST"]
[Termination "volodja49 won by resignation"]

1. d4 d5 2. c4 c6 3. Nc3 Nf6 4. cxd5 cxd5 5. Bf4 Nc6 6. e3 a6 7. Rc1 Bg4 8. Qb3 Na5 9. Qa4+ Bd7 10. Qd1 e6 11.
Nf3 b5 12. Bd3 Bb4 13. O-O O-O 14. a3 Bxc3 15. Rxc3 Nc4 16. Qe2 Rc8 17. Rfc1 Ne4 18. Bxe4 dxe4 19. Ne5 Nxe5 20. Bxe5 Rxc3 21. Rxc3 Qb6 22.
Qc2 f6 23. Bc7 Qb7 24. Bd6 Rc8 25. h3 Rxc3 26. Qxc3 Bc6 27. Qc5 Kf7 28. g4 a5 29.
Qh5+ Kg8 30. g5 Qd7 31. Bc5 Qd5 32. h4 Qf5 33. Kg2 h6 34. Kg3 fxg5 35. hxg5 e5 36. Qg4 Qxg5 37. Qxg5 hxg5 38. dxe5 Kf7 39. Kg4 Ke6 40.
Kxg5 Kxe5 41. Bd4+ Kd5 42. Bxg7 Kc4 43. Kf6 Kd3 44. Ke6 Ke2 45. Kd6 Ba8 46. Kc5 b4 47.
axb4 axb4 48. Kxb4 Kxf2 49. Bd4 Kf3 50. Kc5 Kg4 51. b4 Kf5 52. Kd6 Kg6 53. b5 Kf7 54. b6 Ke8 55. Kc7 Ke7 56. b7 Bxb7 57. Kxb7 Kd6 58. Kb6 Kd5 59. Kb5 Kd6 60. Kc4 Kc6 61. Bc5 Kd7 62. Kd5 Kc7 63. Kxe4 Kc6 64. Kd4 1-0

[Event "*** Titled Tuesday 3|2 Blitz"]
[Site "Chess.com"]
[Date "2016.01.05"]
[Round "8"]
[White "Hikaru"]
[Black "maciek_92"]
[Result "1-0"]
[WhiteElo "2898"]
[BlackElo "2398"]
[TimeControl "180+2"]
[EndTime "12:39:50 PST"]
[Termination "Hikaru won by resignation"]

1. d4 Nf6 2. Bf4 d5 3. e3 e6 4.
Bd3 c5 5. c3 Nc6 6. Nf3 Bd6 7.
Bg3 O-O 8. Nbd2 b6 9. e4 dxe4 10.
Nxe4 Nxe4 11. Bxe4 Bb7 12. dxc5 Bxc5 13. Qe2 a5 14.
Rd1 Qe7 15. Bd3 h6 16. O-O Rad8 17. Rfe1 Rfe8 18. a3 Bd6 19. Qe3 Bxg3 20. hxg3 Qc5 21.
Qxc5 bxc5 22. Bb5 Rxd1 23. Rxd1 Rd8 24. Rxd8+ Nxd8 25. Nd2 Bd5 26. c4 Bc6 27. Ba6 a4 28. Nb1 Nb7 29. Nc3 Nd6 30. Bb5 Bxb5 31. cxb5 c4 32.
b6 Kf8 33. Nxa4 Nb7 34. Kf1 Ke7 35. Ke2 Kd6 36. Ke3 Kd5 37. g4 Na5 38. Nc3+ Kc5 39. Ne4+ Kd5 40. Nc3+ Kc5 41. Ke4 Kxb6 42. Kd4 Kc6 43.
Ne4 f6 44. Ng3 Kd6 45. Nh5 Nc6+ 46. Kxc4 Ne5+ 47. Kd4 Nxg4 48. f3 e5+ 49. Kd3 Nf2+ 50. Ke2 Nh1 51. Nxg7 Kd5 52. Nf5 h5 53. a4 Kc4 54. a5 Kb5 55. b4 Ka6 1-0

[Event "*** Titled Tuesday 3|2 Blitz"]
[Site "Chess.com"]
[Date "2016.01.05"]
[Round "8"]
[White "wilju"]
[Black "cool64chess"]
[Result "0-1"]
[WhiteElo "1836"]
[BlackElo "2219"]
[TimeControl "180+2"]
[EndTime "12:39:56 PST"]
[Termination "cool64chess won by resignation"]

1. e4 e6 2. d4 d5 3. Nd2 Be7 4. e5 c5 5. c3 Nc6 6. Ne2 Nh6 7. a3 a5 8. f4 Nf5 9. Nf3 O-O 10. Ng3 Bh4 11.
Kf2 cxd4 12. cxd4 f6 13. Bd3 fxe5 14. Bxf5 exf4 15. Bc2 g6 16. Qd3 e5 17. dxe5 Bf5 18. Qd2 Bxc2 19. Qxc2 Qb6+ 20. Kf1 fxg3 21. hxg3 Bxg3 22.
Rh3 Bxe5 23. Bh6 Rf7 24. Qd2 Qxb2 25. Qxb2 Bxb2 26. Ra2 Bg7 27. Bxg7 Kxg7 28. Rd2 Rd8 29. Ke2 h6 30. Nd4 Re7+ 31. Kd1 Ne5 32. Re3 Rde8 33.
Rde2 Nc6 34. Ne6+ Kg8 35. g4 Nd8 36. Nxd8 Rxe3 37. Rxe3 Rxe3 38. Nxb7 Rxa3 39. Nc5 Rg3 40. Ne6 Rxg4 0-1

[Event "*** Titled Tuesday 3|2 Blitz"]
[Site "Chess.com"]
[Date "2016.01.05"]
[Round "8"]
[White "Matibar"]
[Black "swayamsm"]
[Result "0-1"]
[WhiteElo "2454"]
[BlackElo "2575"]
[TimeControl "180+2"]
[EndTime "12:40:00 PST"]
[Termination "swayamsm won by checkmate"]

1. e4 e6 2. d4 d5 3. Nc3 Nf6 4. Bg5 Bb4 5. e5 h6 6. Bh4 g5 7. Bg3 Ne4 8. Ne2 c5 9. a3 Bxc3+ 10. Nxc3 Nxc3 11. bxc3 Qa5 12. Qd2 Nc6 13. dxc5 Bd7 14. h4 O-O-O 15. f3 Qxc5 16. a4 d4 17. hxg5 dxc3 18.
Qf2 Qxf2+ 19. Kxf2 hxg5 20. Rxh8 Rxh8 21. Ra3 Kb8 22.
Rxc3 Rc8 23. Ke3 a6 24. Rc4 Ne7 25. Rxc8+ Kxc8 26. a5 Nf5+ 27. Kf2 Kc7 28. Bd3 Nxg3 29. Kxg3 b6 30. Bxa6 bxa5 31. Kg4 a4 32. Kxg5 a3 33. Bc4 Ba4 34. c3 Kb6 35. Ba2 Kc5 36. Kf6 Bb5 37. Kxf7 Bc4 38. Bb1 Bd3 39. Ba2 Bc4 40. Bb1 Kd5 41.
f4 Bd3 42. Ba2+ Bc4 43. Bb1 Bd3 44. Ba2+ Bc4 45. Bb1 Kc5 46. g4 Bd3 47. Ba2 Bc4 48.
g5 Bxa2 49. g6 Bb1 50. g7 Bh7 51. f5 a2 52. fxe6 a1=Q 53. e7 Qf1+ 54. Ke6 Qf5# 0-1

[Event "*** Titled Tuesday 3|2 Blitz"]
[Site "Chess.com"]
[Date "2016.01.05"]
[Round "8"]
[White "pedromartinez91"]
[Black "Cecile_Haussernot"]
[Result "1-0"]
[WhiteElo "2076"]
[BlackElo "2203"]
[TimeControl "180+2"]
[EndTime "12:40:02 PST"]
[Termination "pedromartinez91 won by resignation"]

1. d4 Nf6 2. Nf3 e6 3. c4 c5 4. Bg5 cxd4 5. Qxd4 Be7 6. Nc3 Nc6 7. Qd2 O-O 8. e3 b6 9. Be2 d5 10. cxd5 Nxd5 11.
Bxe7 Qxe7 12. Nxd5 exd5 13. Rc1 Bb7 14. O-O Rad8 15. Bb5 Ne5 16. Nd4 a6 17. Bc6 Nc4 18. Qe2 Bc8 19. Bxd5 Rxd5 20. Qxc4 Rc5 21. Qb4 Bb7 22.
Qxb6 Rg5 23. Nc6 Qd7 24. Rfd1 Qg4 25. g3 Bxc6 26. Qxc6 h5 27. Rd4 Qf5 28. h4 Rg6 29. Qe4 Qb5 30. b3 Rg4 31. Qd3 Qe5 32. Rxg4 hxg4 33.
Qd4 Qf5 34. e4 Qe6 35. e5 Qe7 36. Re1 Qe6 37. Qd6 Qf5 38. e6 fxe6 39. Qxe6+ Qxe6 40. Rxe6 Ra8 41. Re4 Kf7 42. Rxg4 Rc8 43. Ra4 Rc1+ 44. Kg2 Rc6 45. Ra5 Ke6 46. g4 Kf6 47. Kg3 Rd6 48. f3 g6 49. b4 Rb6 50. a4 Rd6 51. b5 axb5 52. axb5 Ke7 53. Ra6 1-0

[Event "*** Titled Tuesday 3|2 Blitz"]
[Site "Chess.com"]
[Date "2016.01.05"]
[Round "8"]
[White "nfds"]
[Black "rdclayton"]
[Result "1-0"]
[WhiteElo "2340"]
[BlackElo "2111"]
[TimeControl "180+2"]
[EndTime "12:40:03 PST"]
[Termination "nfds won by resignation"]

1. Nf3 d5 2. c4 d4 3. b4 c5 4.
bxc5 Nc6 5. e3 e5 6. exd4 exd4 7. Bd3 Bxc5 8. O-O Nge7 9. Ng5 Bf5 10. Bxf5 Nxf5 11. Re1+ Be7 12. Qh5 g6 13. Qh3 Qd7 14.
d3 Nd6 15. Bf4 Qxh3 16. gxh3 Kd7 17. c5 Nf5 18. Nd2 Bxc5 19. Nc4 Raf8 20. Ne4 Bb6 21. a4 Nfe7 22. a5 Bc7 23. Nf6+ Kd8 24. Bh6 Re8 25. Bg7 Nf5 26. Nxe8 Rxe8 27. Bf6+ Kd7 28. Rxe8 Kxe8 29. Rb1 Nxa5 30. Nxa5 Bxa5 31. Rxb7 Bb6 32. Kg2 Nd6 33. Rb8+ Kd7 34. Rh8 Ke6 35. Bd8 h5 36. Bxb6 axb6 37. Kf3 b5 38. Rb8 Kd5 39. h4 Ke5 40. Rb6 Kd5 41.
Kf4 Ke6 42. Kg5 Kd5 43. Kf6 Kc5 44. Rb8 b4 45. Ke7 Nb5 46. Rc8+ Kd5 47. Rc4 b3 48. Rb4 Nc3 49. Rxb3 Nd1 50. Kxf7 Nxf2 51. Kxg6 Ng4 52. Kxh5 Nxh2 53. Kg6 Ke5 54. h5 Kf4 55. h6 Ng4 56. h7 Ne5+ 57. Kg7 1-0